 Dungeon Crawl Stone Soup version 0.27.1-33-g824d729ab1 (webtiles) character file.

Game seed: 6361105203859837259

14688 LLlMATKO the Fighter (level 11, -2/101 HPs)
             Began as a Minotaur Berserker on Dec 29, 2021.
             Was an Elder of Trog.
             Killed from afar by Azrael (44 damage)
             ... with damnation
             ... on level 12 of the Dungeon.
             The game lasted 00:15:07 (14985 turns).

LLlMATKO the Fighter (Minotaur Berserker)          Turns: 14985, Time: 00:15:08

Health: -2/101     AC: 16    Str: 23    XL:     11   Next: 92%
Magic:  10/10      EV: 10    Int:  4    God:    Trog [****..]
Gold:   687        SH:  9    Dex: 12    Spells: 10/10 levels left

rFire    . . .     SeeInvis .   H - +5 flail
rCold    . . .     Faith    .   F - +3 buckler {rN+}
rNeg     + . .     Spirit   .   K - +0 plate armour
rPois    .         Reflect  .   (helmet restricted)
rElec    .         Harm     .   (no cloak)
rCorr    .         Rampage  .   x - +0 pair of gloves
Will     .....                  (no boots)
Stlth    ..........             (no amulet)
HPRegen  0.26/turn              (no ring)
MPRegen  0.12/turn              (no ring)

@: no status effects
A: horns 2, retaliatory headbutt
a: Renounce Religion, Berserk, Trog's Hand, Brothers in Arms


You were on level 12 of the Dungeon.
You worshipped Trog.
Trog was greatly pleased with you.
You visited 1 branch of the dungeon, and saw 12 of its levels.

You collected 687 gold pieces.

Inventory:

Hand Weapons
 D - a +0 hand axe of flaming
 H - a +5 flail (weapon)
 L - a +0 hand crossbow
Missiles
 h - 4 curare-tipped darts (quivered)
 m - 3 javelins
 n - 144 bolts
 o - 2 boomerangs
 A - 6 datura-tipped darts
 E - 3 throwing nets
 I - 26 poisoned darts
Armour
 x - a +0 pair of gloves (worn)
 F - a +3 buckler of positive energy (worn)
 K - a +0 plate armour (worn)
Jewellery
 j - a +4 ring of slaying
 k - a ring of fire
 s - a +4 ring of protection
 O - a +6 ring of intelligence
Wands
 f - a wand of polymorph (7)
 y - a wand of flame (33)
 z - a wand of mindburst (12)
 J - a wand of iceblast (12)
 N - a wand of digging (2)
Scrolls
 c - 8 scrolls of identify
 e - a scroll of fear {unknown}
 q - 4 scrolls of magic mapping
 u - a scroll of enchant armour
 C - 6 scrolls of teleportation
 G - 2 scrolls of silence
Potions
 a - 2 potions of ambrosia
 b - a potion of degeneration {unknown}
 d - a potion of haste {unknown}
 g - 2 potions of flight {unknown}
 i - a potion of resistance {unknown}
 l - 3 potions of curing {unknown}
 p - 4 potions of might {unknown}
 r - 2 potions of magic {unknown}
 t - a potion of mutation {unknown}
 v - a potion of berserk rage {unknown}
 w - 3 potions of invisibility {unknown}


   Skills:
 + Level 10.8 Fighting
 + Level 10.8 Maces & Flails
 + Level 6.2 Crossbows
 + Level 10.5 Armour
 + Level 9.7 Dodging
 + Level 8.6 Shields


You had 10 spell levels left.
You didn't know any spells.
Your spell library was empty.

Dungeon Overview and Level Annotations

Branches:
Dungeon (12/15)            Temple (0/1) D:4            Lair (0/6) D:9
    Orc (0/2) D:9

Altars:
Fedhas

Shops:
D:9 *   D:11 (

Annotations:
D:12 Azrael


Innate Abilities, Weirdness & Mutations

You have a pair of horns on your head.
You reflexively headbutt those who attack you in melee.


Message History

The vampire mosquito is heavily damaged.
You block the vampire mosquito's attack.
You hit the vampire mosquito.
The vampire mosquito is severely damaged.
The vampire mosquito bites you but does no damage.
The vampire mosquito misses you. You furiously retaliate!
You headbutt the vampire mosquito, but do no damage.
You hit the vampire mosquito but do no damage.
Your headbutt misses the vampire mosquito.
The vampire mosquito is severely damaged.
You block the vampire mosquito's attack.
You bludgeon the vampire mosquito!!
You destroy the vampire mosquito!
Trog accepts your kill.
You sock the fire elemental! You headbutt the fire elemental.
The fire elemental is moderately damaged.
The fire elemental hits you. The fire elemental burns you!
You sock the fire elemental!
The fire elemental is severely damaged.
The fire elemental hits you. The fire elemental burns you!
The fire elemental hits you. The fire elemental burns you!
You sock the fire elemental!
You destroy the fire elemental!
Trog accepts your kill.
No target in view!
No target in view!
Azrael is nearby!
Throw: 5 darts (curare)
Press: ? - help, Q - select action, (/) - cycle Shift-Dir - straight line, f - Azrael
Aim: Azrael, wielding a +4 scimitar of flaming (wandering, hasn't noticed you, 80% to hit)
You throw a curare-tipped dart. The curare-tipped dart hits Azrael.
You start resting.
Azrael is nearby!
Azrael gestures at you.
The sphere of damnation explodes!
The damnation engulfs you!!
You hear a shout! x4; You hear a roar!
You hear a shout!
There is a stone staircase leading up, spattered with blood here.
Azrael gestures at you.
The sphere of damnation explodes!
The damnation engulfs you!!!
You die...

# #.......# .(. .........
#.######.......#
##.°○............
.....R.....y°☼.RE ###
#.....○.E# ....#..#.###°#
......†#...# .°
#....@##.##### #
########...### #...
#..........# #.#.#
#..........#
#.#.######...........#
#...#..†.............#
#.....####...♣♣.♣..^...
.###.....##.#.......♣..##.
...[..<.....#............


You could see Azrael.

Vanquished Creatures
  Harold (D:11)
  A centaur warrior (D:12)
  A two-headed ogre (D:11)
  3 death yaks (D:9)
  2 manticores (D:11)
  Psyche (D:8)
  A komodo dragon (D:10)
  3 kobold demonologists (D:11)
  A hornet (D:6)
  2 wraiths
  17 yaks
  4 fire elementals
  A basilisk (D:12)
  A steam dragon (D:8)
  5 vampire mosquitoes
  Duvessa (D:4)
  A water moccasin (D:8)
  2 hell hounds (D:11)
  A sky beast (D:8)
  An ice beast (D:5)
  2 black bears
  A necrophage (D:6)
  6 centaurs
  A phantom (D:6)
  5 kobold brigands
  2 gnoll sergeants
  A bullfrog (D:9)
  3 scorpions
  Dowan (D:4)
  2 wyvern zombies
  6 killer bees (D:8)
  8 wights
  2 howler monkeys (D:9)
  5 centaur zombies
  3 jellies
  A centaur skeleton (D:4)
  An orc priest (D:3)
  4 hounds
  A gnoll shaman (D:7)
  4 iguanas
  2 orc wizards
  2 hell rats (D:9)
  2 killer bee zombies
  A mummy (D:7)
  Robin (D:2)
  20 gnolls
  A howler monkey skeleton (D:4)
  2 adders
  2 river rats (D:9)
  A shadow imp (D:5)
  A white imp (D:5)
  3 ufetubi
  3 worms
  2 dart slugs (D:1)
  17 orcs
  6 bats
  6 endoplasms
  6 giant cockroaches
  4 hobgoblins
  4 jackals
  4 quokkas
  7 ball pythons
  4 frilled lizards
  12 goblins
  A hobgoblin zombie (D:7)
  14 kobolds
  2 kobold zombies (D:7)
  An orc zombie (D:7)
  9 rats
249 creatures vanquished.

Vanquished Creatures (others)
  15 plants (D:5)
15 creatures vanquished.

Grand Total: 264 creatures vanquished

Notes
Turn   | Place    | Note
-------+----------+-------------------------------------------
     0 | D:1      | LLlMATKO the Minotaur Berserker began the quest for the
                  | Orb.
     0 | D:1      | Reached XP level 1. HP: 19/19 MP: 0/0
   256 | D:1      | Reached XP level 2. HP: 27/27 MP: 1/1
   325 | D:1      | Found a faded altar of an unknown god.
   785 | D:1      | Reached XP level 3. HP: 27/33 MP: 2/2
  1435 | D:2      | Reached ** piety under Trog
  1474 | D:2      | Noticed Robin
  1492 | D:2      | Killed Robin
  1493 | D:2      | Reached XP level 4. HP: 36/40 MP: 3/3
  2926 | D:3      | Reached XP level 5. HP: 47/47 MP: 4/4
  3830 | D:4      | Noticed Duvessa
  3830 | D:4      | Noticed Dowan
  3841 | D:4      | Killed Duvessa
  3842 | D:4      | Reached skill level 5 in Fighting
  3842 | D:4      | Reached skill level 5 in Maces & Flails
  3842 | D:4      | Reached XP level 6. HP: 48/56 MP: 5/5
  3844 | D:4      | Killed Dowan
  4277 | D:4      | Reached *** piety under Trog
  4281 | D:4      | Reached skill level 5 in Armour
  4281 | D:4      | Reached XP level 7. HP: 50/62 MP: 6/6
  4453 | D:4      | Found a staircase to the Ecumenical Temple.
  4710 | D:5      | Entered Level 5 of the Dungeon
  5294 | D:5      | Reached skill level 5 in Dodging
  5829 | D:5      | Reached XP level 8. HP: 34/71 MP: 7/7
  6485 | D:6      | Reached skill level 1 in Shields
  6690 | D:6      | Noticed a hornet
  6697 | D:6      | Killed a hornet
  7166 | D:6      | You fall into a shaft and drop 2 floors!
  7430 | D:8      | Found a blossoming altar of Fedhas.
  7447 | D:8      | Reached XP level 9. HP: 66/80 MP: 8/8
  8212 | D:6      | Reached **** piety under Trog
  9527 | D:8      | Noticed Psyche
  9533 | D:8      | Killed Psyche
  9534 | D:8      | Reached skill level 1 in Crossbows
  9534 | D:8      | Reached skill level 5 in Shields
 10185 | D:9      | Found Ysch's Gadget Gallery.
 10507 | D:9      | Noticed a death yak
 10508 | D:9      | Noticed a death yak
 10510 | D:9      | Found a staircase to the Lair.
 10510 | D:9      | Noticed a death yak
 10520 | D:9      | HP: 6/123 [death yak (17)]
 10521 | D:9      | Killed a death yak
 10522 | D:9      | Reached XP level 10. HP: 7/91 MP: 9/9
 10534 | D:9      | HP: 4/91 [death yak (4)]
 10548 | D:9      | HP: 3/91 [hell rat (5)]
 10597 | D:9      | Found a staircase to the Orcish Mines.
 10907 | D:9      | Killed a death yak
 10917 | D:9      | Killed a death yak
 11623 | D:10     | Entered Level 10 of the Dungeon
 11902 | D:10     | Reached XP level 11. HP: 99/99 MP: 10/10
 12372 | D:11     | Noticed a sun demon
 12380 | D:11     | Noticed a sun demon
 12388 | D:11     | Reached skill level 10 in Maces & Flails
 12396 | D:11     | Noticed a sun demon
 12403 | D:11     | Reached skill level 10 in Fighting
 12605 | D:11     | Found Huolemos's Antique Weapon Emporium.
 12634 | D:11     | Reached skill level 5 in Crossbows
 12663 | D:11     | Noticed a two-headed ogre
 12677 | D:11     | Killed a two-headed ogre
 12960 | D:11     | Noticed Harold
 13006 | D:11     | Killed Harold
 13007 | D:11     | Reached skill level 10 in Armour
 13898 | D:12     | Noticed a centaur warrior
 13909 | D:12     | Killed a centaur warrior
 14348 | D:12     | Noticed Azrael
 14985 | D:12     | Killed from afar by Azrael

Illustrated notes

Levels and vault maps discovered:
D:1:      erik_arrival_triangle_huge, layout_loops_corners,
          basic_ecumenical_altar, nrook_loot_triangle, st_stairs_8
D:2:      layout_basic, uniq_robin
D:3:      layout_loops_corners, nrook_mini_backslash, kennysheep_generic_room_9
D:4:      cheibrodos_helix_gallery, layout_loops_ring, minmay_temple_entry_hall,
          minmay_cut_off, uniq_duvessa
D:5:      wad_lake_hut, layout_basic, serial_corexii_hall,
          chequers_hall_statues_y, chequers_hall_statues_wall_a,
          chequers_hall_statues_y
D:6:      layout_basic
D:7:      layout_rooms, minmay_mini_ossuary
D:8:      layout_cave_pods, fedhas_altar_2, uniq_psyche
D:9:      layout_stronghold, dpeg_lair_monsters, orc_0_dummy,
          columned_hall_lemuel, nicolae_shop_gadgets
D:10:     layout_gridville, minivault_14
D:11:     layout_loops_ring, serial_shops, nicolae_stop_n_shop_2,
          nicolae_sextant, uniq_harold
D:12:     layout_basic, serial_glass, glass_columns_b, glass_columns_a,
          uniq_kirke, uniq_azrael

Skill      XL: |  1  2  3  4  5  6  7  8  9 10 11 |
---------------+----------------------------------+-----
Fighting       | 4 5 6 7 9 10 | 10.8
Maces & Flails | 4 5 6 7 9 10 | 10.8
Armour         | 3 4 5 6 7 8 9 10 | 10.5
Dodging        | 3 4 5 6 7 8 9 |  9.7
Shields        | 3 5 7 8 |  8.6
Crossbows      | 2 4 6 |  6.2

Action                   |  1- 3 |  4- 6 |  7- 9 | 10-12 || total
-------------------------+-------+-------+-------+-------++-------
Melee: Mace              |    73 |    83 |       |       ||   156
       Headbutt          |    10 |    18 |    51 |    58 ||   137
       Flail             |       |    23 |   289 |   281 ||   593
Throw: Dart              |       |     1 |       |     3 ||     4
Invok: Berserk           |     1 |     3 |     5 |     9 ||    18
  Use: Scroll            |       |       |       |    12 ||    12
 Stab: Sleeping          |     1 |       |       |       ||     1
Armor: Animal skin       |     9 |       |       |       ||     9
       Ring mail         |    11 |    19 |       |       ||    30
       Chain mail        |       |    28 |   119 |       ||   147
       Plate armour      |       |       |    36 |   130 ||   166
Dodge: Dodged            |    49 |    64 |   127 |    90 ||   330
Block: Buckler           |       |       |    77 |   123 ||   200
